 Dungeon Sprint DCSS version 0.27.1 (webtiles) character file.

Game seed: 17160248421525419776

5048 styxcanada the Imperceptible (level 10, 0/55 HPs)
             Began as a Spriggan Brigand on Aug 31, 2021.
             Was an Initiate of Gozag.
             Shot with an arrow by a spriggan rider (23 damage)
             ... in the Dungeon (Sprint IV: "Fedhas' Mad Dash").
             The game lasted 00:09:14 (1429 turns).

styxcanada the Imperceptible (Spriggan Brigand)     Turns: 1429, Time: 00:09:15

Health: 0/55       AC:  3    Str:  7    XL:     10   Next: 30%
Magic:  8/16       EV: 29    Int: 14    God:    Gozag
Gold:   1707       SH:  0    Dex: 19    Spells: 13/16 levels left

rFire    . . .     SeeInvis +   a - +2 dagger (drain)
rCold    . . .     Faith    .   (shield restricted)
rNeg     . . .     Spirit   .   b - +0 robe
rPois    +         Reflect  .   (helmet restricted)
rElec    +         Harm     .   c - +0 cloak
rCorr    +         Rampage  .   (gloves unavailable)
Will     +....     NoTele   +   (boots unavailable)
Stlth    +++++++++.             m - amulet of invisibility {+Inv}
HPRegen  0.18/turn              j - ring "Paegh" {rElec rPois rCorr EV+4}
MPRegen  0.15/turn              (no ring)

@: very quick
A: very small, no large weapons, unfitting armour, see invisible, speed 3
a: Renounce Religion, Evoke Invisibility, Potion Petition, Call Merchant, Bribe
Branch


You were in the Dungeon.
You worshipped Gozag.
Gozag was most pleased with you.
You visited 1 branch You collected 2127 gold pieces.
You spent 420 gold pieces at shops.

Inventory:

Hand Weapons
 a - a +2 dagger of draining (weapon)
Missiles
 d - 7 poisoned darts
 e - 2 curare-tipped darts (quivered)
 q - 39 stones
Armour
 b - a +0 robe (worn)
 c - a +0 cloak (worn)
Jewellery
 j - the ring "Paegh" (left hand) {rElec rPois rCorr EV+4}
   (You found it in the Dungeon)

   [ring of evasion]

   EV:        It affects your evasion (+4).
   rElec:     It insulates you from electricity.
   rPois:     It protects you from poison.
   rCorr:     It protects you from acid and corrosion.
 m - the amulet of invisibility (around neck) {+Inv}
   (You found it in the Dungeon)

   [amulet of nothing]

   +Inv:      It lets you turn invisible.
Scrolls
 k - a scroll of blinking
 l - a scroll of torment
 n - a scroll of enchant armour
Potions
 f - 3 potions of curing
 g - 2 potions of heal wounds
 h - a potion of haste
 i - 2 potions of magic
 o - a potion of mutation
 p - a potion of might


   Skills:
 * Level 7.1 Fighting
 + Level 6.7 Short Blades
 + Level 6.7 Throwing
 * Level 11.0 Dodging
 * Level 23.6 Stealth
 * Level 3.5 Spellcasting
 * Level 3.9 Transmutations
 * Level 2.6 Air Magic
 * Level 2.8 Poison Magic
 * Level 10.3 Evocations


You had 13 spell levels left.
You knew the following spells:

 Your Spells              Type           Power      Damage    Failure   Level
a - Sting                 Tmut/Pois      44%        1d5       4%          1
b - Poisonous Vapours     Pois/Air       20%        N/A       10%         2

Your spell library contained the following spells:

 Spells                   Type           Power      Damage    Failure   Level
 Beastly Appendage        Tmut           26%        N/A       4%          1
 Wereblood                Tmut           13%        N/A       6%          2
 Spider Form              Tmut/Pois      5%         N/A       16%         3
 Olgreb's Toxic Radiance  Pois           10%        N/A       54%         4


Dungeon Overview and Level Annotations

Branches:
Dungeon (1/1)

Altars:
Cheibriados
Dithmenos
Elyvilon
Gozag
Hepliaklqana
Kikubaaqudgha
Makhleb
Nemelex Xobeh
Okawaru
Qazlal
Ru
Sif Muna
Trog
Uskayaw
Vehumet
Wu Jian
Xom
Yredelemnul
Zin
The Shining One
Beogh
Jiyva
Lugonu

Shops:
D *!=?


Innate Abilities, Weirdness & Mutations

You are very small and have problems with some larger weapons.
You are too small for most types of armour.
You have supernaturally acute eyesight. (SInv)
You cover ground extremely quickly. (Speed+++)


Message History

Confirm with . or Enter, or press ? or * to list all spells.
Aiming: Poisonous Vapours (safe; 10% risk of failure)
Press: ? - help, Dir - move target, f - spriggan rider
Aim: a spriggan rider, wielding the +8 storm bow {elec, penet} and quivering arrows Poisonous vapours surround the spriggan rider!
The spriggan rider is poisoned.
The spriggan rider shoots an arrow.
The arrow barely misses you.
Unknown command.
Unknown command.
Casting: Poisonous Vapours (safe; 10% risk of failure)
Confirm with . or Enter, or press ? or * to list all spells.
Aiming: Poisonous Vapours (safe; 10% risk of failure)
Press: ? - help, Dir - move target, f/p - spriggan rider
Aim: a spriggan rider, wielding the +8 storm bow {elec, penet} and quivering arrows (lightly wounded, poisoned) Poisonous vapours surround the spriggan rider!
The spriggan rider looks even sicker.
The spriggan rider shoots an arrow.
The arrow completely misses you.
Casting: Poisonous Vapours (safe; 10% risk of failure)
Confirm with . or Enter, or press ? or * to list all spells.
Aiming: Poisonous Vapours (safe; 10% risk of failure)
Press: ? - help, Dir - move target, f/p - spriggan rider
Aim: a spriggan rider, wielding the +8 storm bow {elec, penet} and quivering arrows (lightly wounded, very poisoned) Poisonous vapours surround the spriggan rider!
The spriggan rider looks even sicker.
The spriggan rider unwields the +8 storm bow {elec, penet}.
It stops crackling.
The spriggan rider hits you!
The spriggan rider wields the +8 storm bow {elec, penet}.
You hear the crackle of electricity.
The spriggan rider shoots an arrow.
The arrow pierces through you!
There is an open door, spattered with blood here.
Casting: Poisonous Vapours (safe; 10% risk of failure)
Confirm with . or Enter, or press ? or * to list all spells.
Aiming: Poisonous Vapours (safe; 10% risk of failure)
Press: ? - help, Dir - move target, f/p - spriggan rider
Aim: a spriggan rider, wielding the +8 storm bow {elec, penet} and quivering arrows (lightly wounded, very poisoned) Poisonous vapours surround the spriggan rider!
The spriggan rider looks as sick as possible!
The spriggan rider shoots an arrow.
The arrow pierces through you!!
You die...
Your body crumbles into a pile of gold.

'.#...'.._._._._._..'..#!..#....'
#.#...#..._._._._...#..###'##...#
####'##.._._._._._..#..##∩∩.'...#
..'...#._._._._._.⌠.#############
..#...###################....)[##
.######♣♣♣♣♣..♣[###.'.i'.......'.
###..'......♣..♣##..#..#.P.....##
.....#♣..♣♣♣.♣).###i##+##.P....#
.....#.♣♣.[♣...♣@..$#*,*########
#######*#############,,,,,****
,,,,,,,,,,,,* ***,,*,,*,,,,***
,,,,,,,,,,,,*****,,,*,,,,,,*,,,**
,,,,,,,,,,,,,,,,,,,,,*,,,,,∩,∩,,,
,,,,,,,,,,,,,,*******************
+************** ******* *******
,,,,,* ***,,*****,,,∩∩***,,,,,***
,,,,,* *,,,,+,,,,,,,,,**,,,,,,+,*


You could see a spriggan rider (extremely poisoned).

Vanquished Creatures
  A spriggan druid (D)
  6 oklob plants (D)
  A demonic crawler (D)
  3 burning bushes (D)
  3 wandering mushrooms (D)
  A queen bee (D)
  3 scorpions (D)
  4 killer bees (D)
  5 oklob saplings (D)
  4 spriggans (D)
  A river rat (D)
  A rat (D)
  A ballistomycete spore (D)
34 creatures vanquished.

Vanquished Creatures (others)
  2 fungi (D)
2 creatures vanquished.

Grand Total: 36 creatures vanquished

Notes
Turn   | Place    | Note
-------+----------+-------------------------------------------
     0 | D        | styxcanada the Spriggan Brigand began the quest for the
                  | Orb.
     0 | D        | Reached XP level 1. HP: 10/10 MP: 2/2
    17 | D        | Reached skill level 7 in Stealth
    17 | D        | Reached XP level 2. HP: 15/15 MP: 3/3
    40 | D        | Noticed an oklob sapling
    42 | D        | Killed an oklob sapling
    43 | D        | Reached skill level 9 in Stealth
    43 | D        | Reached XP level 3. HP: 18/18 MP: 4/4
    44 | D        | Noticed a scorpion
    44 | D        | Found the amulet of invisibility {+Inv}
    46 | D        | Killed a scorpion
    47 | D        | Reached skill level 12 in Stealth
    47 | D        | Reached XP level 4. HP: 23/23 MP: 5/5
    69 | D        | Found an opulent altar of Gozag.
    69 | D        | Found a hazy altar of Hepliaklqana.
    69 | D        | Found a burning altar of Makhleb.
    69 | D        | Found a sparkling altar of Nemelex Xobeh.
    69 | D        | Found a snail-covered altar of Cheibriados.
    69 | D        | Found a sacrificial altar of Ru.
    69 | D        | Found a shimmering blue altar of Sif Muna.
    69 | D        | Found a shimmering altar of Xom.
    69 | D        | Found a basalt altar of Yredelemnul.
    70 | D        | Found a viscous altar of Jiyva.
    70 | D        | Found a bloodstained altar of Trog.
    70 | D        | Found an ornate altar of the Wu Jian Council.
    71 | D        | Found an iron altar of Okawaru.
    71 | D        | Found a shadowy altar of Dithmenos.
    71 | D        | Found a glowing silver altar of Zin.
    72 | D        | Found an ancient bone altar of Kikubaaqudgha.
    72 | D        | Found a hide-covered altar of Uskayaw.
    73 | D        | Found a stormy altar of Qazlal.
    73 | D        | Found a white marble altar of Elyvilon.
    73 | D        | Found a glowing golden altar of the Shining One.
    74 | D        | Became a worshipper of Gozag Ym Sagoz the Greedy
    75 | D        | Found a corrupted altar of Lugonu.
    75 | D        | Found a radiant altar of Vehumet.
    85 | D        | Reached skill level 13 in Stealth
    85 | D        | Reached XP level 5. HP: 28/28 MP: 4/6
   140 | D        | Reached skill level 14 in Stealth
   140 | D        | Reached skill level 1 in Evocations
   146 | D        | Reached skill level 5 in Dodging
   147 | D        | Reached skill level 15 in Stealth
   180 | D        | Reached XP level 6. HP: 18/33 MP: 7/7
   357 | D        | Found Ocur's Distillery.
   357 | D        | Found Xozaz's General Store.
   364 | D        | Bought a potion of heal wounds for 50 gold pieces
   364 | D        | Bought a potion of might for 40 gold pieces
   364 | D        | Bought a potion of curing for 30 gold pieces
   364 | D        | Bought a potion of curing for 30 gold pieces
   364 | D        | Bought a potion of degeneration for 10 gold pieces
   378 | D        | Noticed a burning bush
   378 | D        | Noticed a wandering mushroom
   379 | D        | Noticed a wandering mushroom
   383 | D        | Killed a wandering mushroom
   384 | D        | Reached skill level 17 in Stealth
   384 | D        | Killed a wandering mushroom
   385 | D        | Reached skill level 5 in Throwing
   385 | D        | Reached skill level 18 in Stealth
   385 | D        | Reached XP level 7. HP: 30/38 MP: 5/8
   466 | D        | Killed a burning bush
   467 | D        | Reached skill level 5 in Fighting
   467 | D        | Reached skill level 19 in Stealth
   482 | D        | Found Wukon's Magic Scroll Emporium.
   482 | D        | Found Vasimoan's Jewellery Shoppe.
   485 | D        | Identified the ring "Paegh" {rElec rPois rCorr EV+4}
   492 | D        | Bought a scroll of brand weapon for 200 gold pieces
   492 | D        | Bought a scroll of identify for 20 gold pieces
   492 | D        | Bought a scroll of identify for 20 gold pieces
   492 | D        | Bought a scroll of identify for 20 gold pieces
   695 | D        | Reached skill level 5 in Short Blades
   695 | D        | Reached XP level 8. HP: 43/43 MP: 6/9
   701 | D        | Noticed a queen bee
   708 | D        | Killed a queen bee
   709 | D        | Reached skill level 5 in Evocations
   714 | D        | Reached skill level 20 in Stealth
   785 | D        | Noticed an oklob plant
   788 | D        | Killed an oklob plant
   802 | D        | Noticed a burning bush
   805 | D        | Killed a burning bush
   806 | D        | Reached skill level 21 in Stealth
   806 | D        | Reached XP level 9. HP: 48/48 MP: 8/10
   867 | D        | Noticed a burning bush
   867 | D        | Noticed an oklob plant
   868 | D        | Noticed a wandering mushroom
   869 | D        | Killed a burning bush
   874 | D        | Killed an oklob plant
   875 | D        | Reached skill level 10 in Dodging
   875 | D        | Reached skill level 22 in Stealth
   878 | D        | Killed a wandering mushroom
   895 | D        | Learned a level 1 spell: Sting
   898 | D        | Learned a level 2 spell: Poisonous Vapours
   940 | D        | Noticed a spriggan druid
   942 | D        | Killed a spriggan druid
   943 | D        | Reached skill level 1 in Spellcasting
   943 | D        | Reached skill level 1 in Transmutations
   943 | D        | Reached skill level 1 in Air Magic
   943 | D        | Reached skill level 1 in Poison Magic
  1024 | D        | Noticed an oklob plant conjurer
  1025 | D        | Killed an oklob plant conjurer
  1072 | D        | Noticed an oklob plant
  1072 | D        | Noticed an oklob plant summoner
  1073 | D        | Noticed an oklob plant shifter
  1077 | D        | Killed an oklob plant
  1078 | D        | Reached skill level 23 in Stealth
  1078 | D        | Reached XP level 10. HP: 49/53 MP: 11/14
  1079 | D        | Killed an oklob plant summoner
  1082 | D        | Killed an oklob plant shifter
  1083 | D        | Reached skill level 10 in Evocations
  1151 | D        | Noticed a spriggan rider
  1420 | D        | Noticed a spriggan rider
  1429 | D        | Shot with an arrow by a spriggan rider

Illustrated notes

Levels and vault maps discovered:
D:        dungeon_sprint_fedhas [sprint_temple]

Skill      XL: |  1  2  3  4  5  6  7  8  9 10 |
---------------+-------------------------------+-----
Dodging        | 2 3 4 5 7 8 9 10 11 | 11.0
Stealth        | 7 9 12 13 15 18 19 21 23 | 23.6
Fighting       | 2 3 4 5 6 7 |  7.1
Short Blades   | 3 4 5 6 |  6.7
Throwing       | 3 4 5 6 |  6.7
Evocations     | 1 3 4 6 9 10 | 10.3
Spellcasting   | 2 3 |  3.5
Transmutations | 2 3 |  3.9
Air Magic      | 1 2 |  2.6
Poison Magic   | 1 2 |  2.8

Action                   |  1- 3 |  4- 6 |  7- 9 | 10-12 || total
-------------------------+-------+-------+-------+-------++-------
Melee: Dagger            |     4 |    14 |    37 |     3 ||    58
Throw: Dart              |     8 |     9 |       |       ||    17
 Cast: Poisonous Vapours |       |       |       |    13 ||    13
 Abil: Evoke Invisibilit |       |     3 |     7 |     1 ||    11
  Use: Scroll            |       |       |     6 |     1 ||     7
       Potion            |       |       |     1 |       ||     1
 Stab: Sleeping          |     2 |     5 |    17 |     3 ||    27
       Invisible         |       |     1 |       |       ||     1
Dodge: Dodged            |     3 |     7 |     3 |    10 ||    23
